 Dungeon Crawl Stone Soup version 0.20.1-1-g8b1a95d (webtiles) character file.

10346 Jazqa the Spear-Bearer (level 11, -1/93 HPs)
             Began as a Merfolk Gladiator on Oct 30, 2017.
             Was a High Priest of Makhleb.
             Slain by an unseen horror (6 damage)
             ... on level 11 of the Dungeon.
             The game lasted 00:21:58 (13594 turns).

Jazqa the Spear-Bearer (Merfolk Gladiator)         Turns: 13594, Time: 00:21:59

Health: -1/93      AC: 10    Str: 16 (17) XL:     11   Next: 60%
Magic:  18/18      EV: 18    Int:  8 (9)  God:    Makhleb [*****.]
Gold:   107        SH:  0    Dex: 15      Spells: 10/10 levels left

rFire    . . .     SeeInvis .   k - +1 trident (freeze)
rCold    + + .     Gourm    .   (no shield)
rNeg     . . .     Faith    .   b - +0 leather armour
rPois    .         Spirit   .   u - +2 helmet
rElec    .         Reflect  .   w - +0 cloak
rCorr    .         Harm     .   p - +2 pair of gloves of Codirogh {Slay+3}
MR       .....                  (no boots)
Stlth    +.........             (no amulet)
Regen    0.3/turn               c - ring of protection from cold
MPRegen  0.2/turn               C - ring of protection from cold

@: no status effects
A: change form in water, swift swim, stealthy swim
a: Minor Destruction, Lesser Servant of Makhleb, Major Destruction, Greater
Servant of Makhleb, Renounce Religion


You were on level 11 of the Dungeon.
You worshipped Makhleb.
Makhleb was extremely pleased with you.
You were hungry.

You visited 1 branch of the dungeon, and saw 11 of its levels.
You also visited: Ossuary.

You collected 550 gold pieces.
You spent 443 gold pieces at shops.


   Skills:
 + Level 11.3 Fighting
 - Level 14.0 Polearms
 - Level 2.0 Throwing
 + Level 9.8 Dodging
 + Level 9.6 Invocations


You had 10 spell levels left.
You didn't know any spells.

Inventory:

Hand Weapons
 k - a +1 trident of freezing (weapon)
Missiles
 d - 5 throwing nets (quivered) {=f}
Armour
 b - a +0 leather armour (worn)
 p - the +2 pair of gloves of Codirogh (worn) {Slay+3}
   (You bought it in a shop on level 9 of the Dungeon)

   It affects your accuracy and damage with ranged weapons and melee attacks
   (+3).
 u - a +2 helmet (worn)
 w - a +0 cloak (worn)
Jewellery
 c - a ring of protection from cold (left hand)
 C - a ring of protection from cold (right hand)
 L - an uncursed ring of flight
Wands
 g - a wand of scattershot (3/9)
 q - a wand of iceblast (13/15)
 r - a wand of scattershot (7/9)
 H - a wand of acid (6/15)
Scrolls
 a - 7 scrolls of remove curse {@r2}
 e - 2 scrolls of enchant weapon
 j - 2 scrolls of silence {!r}
 m - 5 scrolls of teleportation {@r4}
 n - a scroll of amnesia {unknown}
 s - 2 scrolls of fear
 t - 2 scrolls of immolation {!r}
 y - 2 scrolls of fog
 I - 3 scrolls of identify {@r1}
Potions
 i - 2 potions of agility
 o - a potion of brilliance
 v - 3 potions of mutation {!q}
 x - a potion of might
 B - 4 potions of flight
 D - a potion of ambrosia {unknown}
 E - 5 potions of curing {@q1}
 G - a potion of berserk rage {unknown}
Books
 l - the Tome of Stolen Souls and Weightlessness
   (You found it on level 9 of the Dungeon)

   Spells                             Type                      Level
   a - Shock                          Conjuration/Air              1
   b - Corpse Rot                     Necromancy                   2
   c - Animate Dead                   Necromancy                   4
   d - Lightning Bolt                 Conjuration/Air              5
   e - Deflect Missiles               Charms/Air                   6
Miscellaneous
 A - a phial of floods
Comestibles
 f - 5 bread rations {@e1}
 z - 4 meat rations {@e1}

Dungeon Overview and Level Annotations

Branches:
Dungeon (11/15)            Temple (0/1) D:4             Orc (0/2) D:9
   Lair: D:8-11

Altars:
Cheibriados
Dithmenos
Fedhas
Makhleb
Nemelex Xobeh
Sif Muna
The Shining One

Shops:
D:7 (   D:9 [ D:10

[ .......
#+##########+#
.......
#............+
.......
+............#
.......
#............#
....... #.# #.....#
#########.####.[...#
#....+.............#
#....#...........[.#
#....#.......4..@)<#
###'###'####'##'####
...(.....###.##....#
.........#....#....#
.........#....#....#
.........#....#....#
.........#....#....#
.........#....#....#
.........###..#.##.#


You could see a friendly hellwing.


Message History

You barely miss something. Something hits you.
* * * LOW HITPOINT WARNING * * *
Something hits you!
* * * LOW HITPOINT WARNING * * *
Something hits you!
* * * LOW HITPOINT WARNING * * *
Something hits your hellwing but does no damage.
There is an open door here.
Something closely misses you. Something hits you but does no damage.
You puncture something! You freeze something. Something hits you!
* * * LOW HITPOINT WARNING * * *
You start resting.
Something hits you but does no damage. x2
Something hits you but does no damage. Something hits you.
* * * LOW HITPOINT WARNING * * *
Something hits you but does no damage.
You feel better. Something hits you.
* * * LOW HITPOINT WARNING * * *
Something barely misses you.
Your hellwing hits something.
Something hits your hellwing but does no damage.
There is an open door here.
Something hits you!
* * * LOW HITPOINT WARNING * * *
Something closely misses you. Something hits you.
* * * LOW HITPOINT WARNING * * *
Something barely misses you. Something hits you.
You die...

Skill      XL: |  1  2  3  4  5  6  7  8  9 10 11 |
---------------+----------------------------------+-----
Polearms       | 5 6 7 8 10 12 13 14 | 14.0
Fighting       | 3 4 5 6 7 9 10 11 | 11.3
Invocations    | 1 2 3 4 6 7 8 9 |  9.6
Dodging        | 6 8 9 |  9.8
Throwing       | |  2.0

Action                   |  1- 3 |  4- 6 |  7- 9 | 10-12 || total
-------------------------+-------+-------+-------+-------++-------
Melee: Trident           |   117 |   177 |   452 |   588 ||  1334
       Scythe            |       |    28 |       |       ||    28
Invok: Minor Destruction |       |       |    56 |    21 ||    77
       Lesser Servant of |       |       |     1 |     6 ||     7
  Use: Scroll            |       |     3 |     3 |    14 ||    20
       Potion            |       |     2 |     6 |     6 ||    14
 Stab: Sleeping          |       |     2 |     7 |       ||     9
       Distracted        |       |       |     1 |     2 ||     3
       Invisible         |       |       |       |     1 ||     1
  Eat: Chunk             |       |     8 |    11 |    12 ||    31
       Fruit             |       |       |     3 |       ||     3
       Royal jelly       |       |       |       |     4 ||     4
Armor: Leather armour    |    24 |    33 |   118 |   160 ||   335
Dodge: Dodged            |    70 |   142 |   234 |   286 ||   732

Vault maps used:
D:1:      moated_graveyard_arrival
D:2:      lemuel_coloured_pillars_altar, guppyfry_early_orc_mine
D:3:      old_standard_altar, minmay_misc_feat_tiny,
          nicolae_tso_swordbearing_angel
D:4:      cheibriados_altar_1, minmay_temple_entry_hall, uniq_edmund,
          uniq_crazy_yiuf_cottage
D:5:      nemelex_xobeh_ov_fountains_minmay, lemuel_crystal_altar, first_bread,
          nicolae_ossuary_entry_plus, portal_sewer_entry_a,
          serial_bayou_crossing
D:6:      kennysheep_orc_sif_temple, uniq_eustachio, uniq_sigmund
D:7:      serial_shops, shop, kennysheep_decorative_pillar
D:8:      uniq_prince_ribbit1, uniq_maurice
D:9:      david_orc_4, serial_shops, shop
D:10:     serial_shops, kennysheep_mini
D:11:     erik_lair_orcish_takeover
Ossuary:  ossuary_zaba_two_paths

Notes
Turn   | Place    | Note
-------+----------+-------------------------------------------
     0 | D:1      | Jazqa the Merfolk Gladiator began the quest for the Orb.
     0 | D:1      | Reached XP level 1. HP: 16/16 MP: 1/1
   114 | D:1      | Reached XP level 2. HP: 13/23 MP: 2/2
   273 | D:1      | Reached skill level 5 in Polearms
   533 | D:2      | Reached skill level 3 in Fighting
   533 | D:2      | Reached XP level 3. HP: 29/29 MP: 3/3
   801 | D:2      | Found a burning altar of Makhleb.
   832 | D:2      | Became a worshipper of Makhleb the Destroyer
  1005 | D:2      | Reached XP level 4. HP: 33/36 MP: 4/4
  1486 | D:3      | HP: 3/37 [orc/trident (7)]
  1804 | D:3      | Reached skill level 4 in Fighting
  1804 | D:3      | Reached skill level 6 in Polearms
  1826 | D:3      | Reached skill level 1 in Invocations
  1826 | D:3      | Reached XP level 5. HP: 15/42 MP: 5/5
  2256 | D:3      | Reached skill level 2 in Invocations
  2273 | D:3      | Reached * piety under Makhleb
  2377 | D:3      | Found a shadowy altar of Dithmenos.
  2535 | D:3      | Reached XP level 6. HP: 47/49 MP: 7/7
  2735 | D:3      | Reached skill level 7 in Polearms
  2787 | D:3      | Found a glowing golden altar of the Shining One.
  2911 | D:4      | Reached skill level 3 in Invocations
  3152 | D:4      | Reached skill level 5 in Fighting
  3274 | D:4      | Found a snail-covered altar of Cheibriados.
  3352 | D:4      | Noticed a phantom
  3383 | D:4      | Killed a phantom
  3383 | D:4      | Reached XP level 7. HP: 29/56 MP: 9/9
  3623 | D:4      | Noticed Edmund
  3628 | D:4      | Killed Edmund
  3628 | D:4      | Reached skill level 8 in Polearms
  3628 | D:4      | Reached skill level 4 in Invocations
  3711 | D:4      | Found a runed door.
  3962 | D:4      | Found a staircase to the Ecumenical Temple.
  4053 | D:4      | Noticed Crazy Yiuf
  4063 | D:4      | Killed Crazy Yiuf
  4154 | D:5      | Entered Level 5 of the Dungeon
  4187 | D:4      | HP: 5/57 [poisoned by an adder]
  4193 | D:4      | HP: 3/57 [poisoned by an adder]
  4199 | D:4      | HP: 2/57 [poisoned by an adder]
  4207 | D:4      | HP: 2/57 [poisoned by an adder]
  4614 | D:5      | Found a sand-covered staircase.
  4620 | Ossuary  | Entered an ossuary
  4645 | Ossuary  | Reached skill level 6 in Fighting
  4732 | Ossuary  | Reached ** piety under Makhleb
  4876 | Ossuary  | Reached XP level 8. HP: 53/64 MP: 11/11
  4962 | Ossuary  | Reached skill level 5 in Invocations
  5108 | D:5      | Noticed AdmiralAndromeda's ghost (novice MiFi)
  5110 | D:5      | Found a sparkling altar of Nemelex Xobeh.
  5128 | D:5      | Killed AdmiralAndromeda's ghost
  5128 | D:5      | Reached skill level 9 in Polearms
  5321 | D:5      | Found a blossoming altar of Fedhas.
  5334 | D:5      | Reached skill level 7 in Fighting
  5334 | D:5      | Reached skill level 6 in Invocations
  5384 | D:5      | Reached skill level 10 in Polearms
  5721 | D:6      | Reached *** piety under Makhleb
  5745 | D:6      | Reached XP level 9. HP: 68/72 MP: 13/13
  5797 | D:6      | Noticed Sigmund
  5950 | D:6      | Reached skill level 8 in Fighting
  5950 | D:6      | Reached skill level 7 in Invocations
  6143 | D:6      | Noticed Eustachio
  6161 | D:6      | HP: 2/74 [orc warrior/hand axe (18)]
  6162 | D:6      | Reached skill level 11 in Polearms
  6167 | D:6      | HP: 3/75 [orc priest/nerve-wracking pain (7)]
  6569 | D:6      | Killed Eustachio
  6620 | D:6      | Reached skill level 5 in Dodging
  6744 | D:6      | Found a deep blue altar of Sif Muna.
  6924 | D:7      | Found Jumaphuf's Antique Weapon Boutique.
  6939 | D:7      | Bought an encrusted halberd for 225 gold pieces
  6940 | D:7      | Identified the +0 halberd "Wila" {holy, *Slow MR+ Int+3} (You bought it in a shop on level 7 of the Dungeon)
  6977 | D:7      | Reached skill level 9 in Fighting
  7031 | D:7      | Reached **** piety under Makhleb
  7031 | D:7      | Reached skill level 12 in Polearms
  7031 | D:7      | Reached skill level 6 in Dodging
  7031 | D:7      | Reached XP level 10. HP: 49/83 MP: 15/15
  7169 | D:7      | Noticed feelmyfire's ghost (novice DEFE)
  7185 | D:7      | Killed feelmyfire's ghost
  8471 | D:8      | Reached skill level 7 in Dodging
  8500 | D:8      | Noticed a two-headed ogre
  8529 | D:8      | Killed a two-headed ogre
  8567 | D:8      | Noticed Prince Ribbit
  8609 | D:8      | Killed Prince Ribbit
  8609 | D:8      | Reached skill level 10 in Fighting
  8609 | D:8      | Reached skill level 13 in Polearms
  8880 | D:8      | Reached skill level 8 in Invocations
  9375 | D:8      | Noticed Maurice
  9386 | D:8      | Killed Maurice
  9386 | D:8      | Reached skill level 8 in Dodging
  9510 | D:9      | Reached XP level 11. HP: 92/92 MP: 17/17
  9618 | D:9      | Identified a potion of resistance
  9696 | D:9      | Killed Sigmund
  9696 | D:9      | Reached ***** piety under Makhleb
 10002 | D:9      | Identified the Tome of Stolen Souls and Weightlessness
 10042 | D:9      | Found Xaryocyo's Antique Armour Shoppe.
 10050 | D:9      | Bought a pair of ichor-stained gloves for 218 gold pieces
 10060 | D:9      | Identified the +2 pair of gloves of Codirogh {Slay+3} (You bought it in a shop on level 9 of the Dungeon)
 10305 | D:9      | Found a staircase to the Orcish Mines.
 10573 | D:10     | Entered Level 10 of the Dungeon
 10600 | D:10     | Reached skill level 9 in Invocations
 10834 | D:10     | Reached skill level 9 in Dodging
 10949 | D:10     | Reached skill level 14 in Polearms
 10996 | D:10     | Reached skill level 11 in Fighting
 11073 | D:10     | Found Zeirah's Antique Armour Emporium.
 11405 | D:11     | HP: 5/93 [something (9)]
 11408 | D:11     | HP: 1/93 [something (8)]
 11956 | D:10     | Killed an unseen horror
 13066 | D:11     | HP: 9/93 [something (3)]
 13587 | D:11     | HP: 9/93 [something (2)]
 13592 | D:11     | HP: 5/93 [something (1)]
 13594 | D:11     | Slain by an unseen horror

Vanquished Creatures
  A two-headed ogre (D:8)
  An unseen horror (D:10)
  Maurice (D:8)
  The ghost of AdmiralAndromeda the Chopper, a novice MiFi (D:5)
  The ghost of feelmyfire the Arsonist, a novice DEFE of Vehumet (D:7)
  A gargoyle (D:11)
  Prince Ribbit (D:8)
  A hippogriff (D:7)
  Sigmund (D:9)
  2 wraiths (D:10)
  A wyvern (D:8)
  7 yaks (D:10)
  A hungry ghost (D:6)
  Edmund (D:4)
  8 orc warriors
  3 sky beasts
  An ice beast (D:5)
  A phantom (D:4)
  An ogre (D:5)
  6 centaurs
  8 bullfrogs
  A wyvern skeleton (D:9)
  A water moccasin skeleton (D:6)
  4 scorpions
  10 wights
  4 howler monkeys
  A quasit (D:7)
  A bullfrog zombie (D:10)
  6 crimson imps
  3 jellies
  Crazy Yiuf (D:4)
  5 orc priests
  A bullfrog skeleton (D:9)
  A gnoll shaman (D:9)
  11 hounds
  10 orc wizards
  4 centaur skeletons
  An iguana (D:6)
  4 worker ants
  5 big kobold zombies (Ossuary)
  4 hound skeletons
  A mummy (Ossuary)
  A worker ant zombie (D:6)
  8 gnolls
  11 adders
  A river rat (D:5)
  A shadow imp (D:7)
  An ooze (D:1)
  An adder zombie (D:9)
  3 worms
  2 dart slugs (D:1)
  4 leopard geckos
  45 orcs
  A spectral bat (Ossuary)
  3 bats
  3 giant cockroaches
  7 gnoll zombies (Ossuary)
  8 hobgoblins
  15 jackals
  7 kobolds
  2 quokkas (D:9)
  5 frilled lizards
  A giant cockroach zombie (D:5)
  6 goblins
  4 goblin simulacra (Ossuary)
  4 goblin zombies (Ossuary)
  7 hobgoblin zombies (Ossuary)
  A jackal zombie (D:5)
  2 kobold simulacra (Ossuary)
  3 kobold zombies (Ossuary)
  A leopard gecko skeleton (D:6)
  A leopard gecko zombie (D:8)
  4 orc zombies (Ossuary)
  A quokka skeleton (D:8)
  10 rats
  A spectral goblin (Ossuary)
  5 spectral kobolds (Ossuary)
  2 spectral rats (Ossuary)
310 creatures vanquished.

Vanquished Creatures (collateral kills)
  Eustachio (D:6)
  An ice beast (D:9)
  A bullfrog (D:6)
  2 wyvern zombies (D:7)
  3 killer bees (D:7)
  A jelly (D:6)
  An orc wizard (D:6)
  An iguana (D:6)
  An orc (D:6)
12 creatures vanquished.

Grand Total: 322 creatures vanquished
